 Dungeon Crawl Stone Soup version 0.25-a0-447-gff83419037 (webtiles) character file.

Game seed: 17300047572893170244, levelgen mode: deterministic

247 ChaosChampion the Poker (level 6, -2/55 HPs)
             Began as a Naga Warper on Feb 1, 2020.
             Killed by divine providence
             ... invoked by an orc priest
              (13 damage)
             ... on level 4 of the Dungeon.
             The game lasted 00:06:34 (2313 turns).

ChaosChampion the Poker (Naga Warper)               Turns: 2313, Time: 00:06:34

Health: -2/55      AC:  4    Str: 14    XL:     6   Next: 11%
Magic:  5/9        EV: 10    Int: 15    God:
Gold:   151        SH:  0    Dex: 10    Spells: 7/9 levels left

rFire    . . .     SeeInvis +   p - +2 spear (venom)
rCold    . . .     Gourm    .   (no shield)
rNeg     . . .     Faith    .   b - +0 leather armour
rPois    +         Spirit   .   (no helmet)
rElec    .         Reflect  .   (no cloak)
rCorr    .         Harm     .   s - +0 pair of gloves (curse)
MR       .....                  (no barding)
Stlth    +.........             (no amulet)
HPRegen  0.18/turn              (no ring)
MPRegen  0.11/turn              (no ring)

@: very slow
A: large, see invisible, deformed body, poison resistance, slowness 2, slow
metabolism 1, spit poison 1, AC +2
a: Spit Poison


You were on level 4 of the Dungeon.
You were very hungry.

You visited 1 branch of the dungeon, and saw 4 of its levels.

You collected 151 gold pieces.

Inventory:

Hand Weapons
 a - a +0 spear
 p - a +2 spear of venom (weapon)
Missiles
 e - 5 boomerangs of dispersal (quivered)
 t - 8 boomerangs
 y - 12 poisoned darts
Armour
 b - a +0 leather armour (worn)
 s - a cursed +0 pair of gloves (worn)
Jewellery
 j - an uncursed ring of protection from cold {unknown}
Scrolls
 d - a scroll of blinking
 k - a scroll of identify {unknown}
 l - a scroll of teleportation {unknown}
 m - 3 scrolls of magic mapping {unknown}
 n - 2 scrolls of amnesia {unknown}
 o - 2 scrolls of fog {unknown}
 q - 3 scrolls of enchant weapon {unknown}
 r - 2 scrolls of enchant armour {unknown}
 u - a scroll of fear {unknown}
 v - a scroll of immolation {unknown}
Potions
 c - a potion of mutation {unknown}
 g - 2 potions of curing {unknown}
 h - a potion of haste {unknown}
 i - a potion of flight {unknown}
 w - a potion of degeneration {unknown}
 x - a potion of magic {unknown}
 z - a potion of heal wounds {unknown}
 A - a potion of brilliance {unknown}
 B - a potion of lignification {unknown}
Comestibles
 f - 9 rations


   Skills:
 + Level 2.7 Fighting
 + Level 4.6 Polearms
 + Level 0.8 Throwing
 + Level 1.8 Armour
 + Level 2.3 Dodging
 + Level 0.6 Stealth
 + Level 2.4 Spellcasting
 + Level 3.0 Translocations


You had 7 spell levels left.
You knew the following spells:

 Your Spells              Type           Power        Failure   Level  Hunger
a - Blink                 Tloc           N/A          12%         2    ###....

Your spell library contained the following spells:

 Spells                   Type           Power        Failure   Level  Hunger
 Shroud of Golubria       Chrm/Tloc      #.....       22%         2    ###....
 Gell's Gravitas          Tloc           ##........   22%         3    ###....
 Lesser Beckoning         Tloc           ##........   22%         3    ###....
 Teleport Other           Tloc           ##......     22%         3    ###....
 Beastly Appendage        Tmut           #.....       26%         1    #......
 Sticks to Snakes         Tmut           #.......     36%         2    ###....
 Passage of Golubria      Tloc           N/A          58%         4    #####..
 Spider Form              Tmut/Pois      #.........   61%         3    ###....
 Ice Form                 Ice/Tmut       #.......     95%         4    #####..
 Blade Hands              Tmut           #.........   100%        5    ######.


Dungeon Overview and Level Annotations

Branches:
Dungeon (4/15)
 Temple: D:4-7

Altars:
Ashenzari
Fedhas
Makhleb
Okawaru
Vehumet
Zin


Innate Abilities, Weirdness & Mutations

You cannot wear boots.
Your serpentine skin is tough. (AC +2)
You have supernaturally acute eyesight. (SInv)
Armour fits poorly on your strangely shaped body.
Your system is resistant to poisons. (rPois)
You cover ground very slowly.
You have a slow metabolism.
You can spit poison.


Message History

An orc comes into view. It is wielding a +0 hand axe.
The orc shouts!
The frilled lizard bites you.
* * * LOW HITPOINT WARNING * * *
Throwing (i - inventory. (/) - cycle)
e - 5 boomerangs of dispersal (quivered)
Press: ? - help, Shift-Dir - straight line, p - orc priest
Okay, then.
Casting: Blink (safe; 12% risk of failure)
Confirm with . or Enter, or press ? or * to list all spells.
You blink.
Throwing (i - inventory. (/) - cycle)
e - 5 boomerangs of dispersal (quivered)
Press: ? - help, Shift-Dir - straight line, f/p - orc priest
Aim: an orc priest, wielding a +0 war axe and wearing a cursed +0 scale mail (heavily wounded, poisoned)
Okay, then.
The frilled lizard misses you. The orc hits you but does no damage.
You have got your breath back.
The orc priest invokes the aid of Beogh against you.
Beogh smites you!
You die...

#.......##...#.# #.#
#....†..##...#.# #.#
#...........##.# #.#
+......##.####.########.#
#......#.#...#......#...#
#.......##.#.######.#.###
#......# #.#..........#
..#.#......###.####..##.###
.......).ool@...........#
..#.#..)#####.###########
#.#..#. .... .....#.#
...### #..####.##...# ...>
.##...# ### .#..... .######


You could see an orc priest, an orc and a frilled lizard.

Vanquished Creatures
  2 orc wizards
  A bullfrog skeleton (D:4)
  Ijyb (D:4)
  5 adders
  An ooze (D:1)
  2 worms
  3 dart slugs
  2 leopard geckos (D:1)
  9 orcs
  7 bats
  5 giant cockroaches
  7 goblins
  4 hobgoblins
  4 jackals (D:3)
  A quokka (D:2)
  6 frilled lizards
  6 kobolds
  4 rats
70 creatures vanquished.

Notes
Turn   | Place    | Note
-------+----------+-------------------------------------------
     0 | D:1      | ChaosChampion the Naga Warper began the quest for the Orb.
     0 | D:1      | Reached XP level 1. HP: 19/19 MP: 3/3
   168 | D:1      | Reached XP level 2. HP: 14/26 MP: 5/5
   574 | D:1      | Reached XP level 3. HP: 32/32 MP: 6/6
   692 | D:2      | Learned a level 2 spell: Blink
   721 | D:2      | Reached skill level 1 in Armour
   783 | D:2      | Reached skill level 3 in Polearms
   868 | D:2      | Reached XP level 4. HP: 33/39 MP: 7/7
  1029 | D:2      | Found a burning altar of Makhleb.
  1032 | D:2      | Found a glowing silver altar of Zin.
  1032 | D:2      | Noticed an angel
  1033 | D:2      | Noticed an Executioner
  1283 | D:3      | Found a blossoming altar of Fedhas.
  1288 | D:3      | Reached skill level 4 in Polearms
  1462 | D:3      | Reached XP level 5. HP: 43/46 MP: 4/8
  1943 | D:3      | Found a radiant altar of Vehumet.
  1943 | D:3      | Found an iron altar of Okawaru.
  1943 | D:3      | Found a shattered altar of Ashenzari.
  2278 | D:4      | Noticed Ijyb
  2296 | D:4      | Killed Ijyb
  2303 | D:4      | Reached XP level 6. HP: 35/55 MP: 9/9
  2313 | D:4      | Killed from afar by an orc priest

Levels and vault maps discovered:
D:1:      dpeg_arrival_water_temple_mockup, layout_basic, feat_on_display
D:2:      layout_rooms, grunt_temple_overflow_order_and_chaos_2, first_ration
D:3:      layout_basic, fedhas_ov_isle_minmay, gammafunk_temple_overflow_claw,
          grunt_ministairs_14
D:4:      layout_basic, uniq_ijyb

Skill      XL: |  1  2  3  4  5 |
---------------+----------------+-----
Armour         | 1 |  1.8
Polearms       | 3 4 |  4.6
Dodging        | 2 |  2.3
Fighting       | |  2.7
Throwing       | |  0.8
Stealth        | |  0.6
Spellcasting   | |  2.4
Translocations | |  3.0

Action                   |  1- 3 |  4- 6 || total
-------------------------+-------+-------++-------
Melee: Spear             |    73 |   170 ||   243
 Cast: Blink             |     1 |     4 ||     5
 Abil: Spit Poison       |     1 |     1 ||     2
 Stab: Sleeping          |       |     1 ||     1
  Eat: Chunk             |       |     3 ||     3
Armor: Leather armour    |    10 |    42 ||    52
Dodge: Dodged            |    23 |    68 ||    91

Table legend:
 A = Non-vault XP
 B = Vault XP
 C = Vault XP percentage of total XP
 D = Non-vault monster count
 E = Vault monster count
 F = Vault count percentage of total count
                 A         B        C        D         E       F
            +---------+---------+-------+---------+---------+-------
      Total |     306 |      48 |  13.6 |      64 |       6 |   8.6
            +---------+---------+-------+---------+---------+-------
        D:1 |      36 |       0 |   0.0 |      15 |       0 |   0.0
        D:2 |      77 |       0 |   0.0 |      18 |       0 |   0.0
        D:3 |     109 |      10 |   8.4 |      27 |       5 |  15.6
        D:4 |      84 |      38 |  31.1 |       4 |       1 |  20.0
            +---------+---------+-------+---------+---------+-------
